 Dungeon Crawl Stone Soup version 0.20-a0-622-g01f5896 (webtiles) character file.

4054 Hestler the Grappler (level 10, 0/139 (141) HPs)
             Began as a Troll Berserker on Feb 9, 2017.
             Was an Elder of Trog.
             Slain by a three-headed hydra (7 damage)
             ... on level 8 of the Dungeon.
             The game lasted 00:22:48 (5240 turns).

Hestler the Grappler (Troll Berserker)              Turns: 5240, Time: 00:22:49

HP:   0/139 (141)   AC:  6    Str: 35    XL:     10   Next: 4%
MP:   9/9           EV: 14    Int:  3    God:    Trog [****..]
Gold: 357           SH:  0    Dex:  9    Spells: 9/9 levels left

rFire    . . .     SeeInvis .     - Unarmed
rCold    . . .     Gourm    +   a - +1 animal skin
rNeg     . . .     Faith    .   (no shield)
rPois    .         Spirit   .   (helmet restricted)
rElec    .         Reflect  .   (no cloak)
rCorr    .         Harm     .   (gloves unavailable)
MR       +....                  (boots unavailable)
Stlth    ..........             (no amulet)
Regen    0.8/turn               v - +2 ring of evasion
                                C - ring of protection from magic

@: berserking, very quick
A: unfitting armour, claws 3, fast metabolism 3, gourmand, regeneration 1,
shaggy fur 1, tough skin 2
a: Berserk, Trog's Hand, Brothers in Arms, Burn Spellbooks, Renounce Religion


You were on level 8 of the Dungeon.
You worshipped Trog.
Trog was greatly pleased with you.
You were not hungry.

You visited 1 branch of the dungeon, and saw 8 of its levels.

You collected 357 gold pieces.

Inventory:

Hand Weapons
 t - a +3 quarterstaff of chaos
Armour
 a - a +1 animal skin (worn)
Jewellery
 v - a +2 ring of evasion (right claw)
 w - an uncursed ring of stealth
 C - a ring of protection from magic (left claw)
Wands
 A - a wand of confusion (26/48)
 B - a wand of digging (13/24)
 G - a wand of disintegration (10/24)
Scrolls
 d - a scroll of immolation {unknown}
 h - 2 scrolls of identify
 j - a scroll of acquirement {unknown}
 m - a scroll of enchant weapon
 n - a scroll of recharging
 p - 6 scrolls of remove curse
 q - 4 scrolls of teleportation {unknown}
 u - a scroll of fog {unknown}
 y - a scroll of noise {unknown}
 z - a scroll of amnesia {unknown}
 D - a scroll of random uselessness {unknown}
 H - 4 scrolls of fear {unknown}
Potions
 b - 4 potions of heal wounds {unknown}
 c - 4 potions of lignification {unknown}
 e - 7 potions of curing {unknown}
 f - a potion of brilliance {unknown}
 g - a potion of degeneration {unknown}
 i - 2 potions of agility {unknown}
 k - 3 potions of flight {unknown}
 s - 2 potions of magic {unknown}
 x - 2 potions of invisibility {unknown}
 E - a potion of ambrosia {unknown}
 F - a potion of might {unknown}
Comestibles
 l - 5 royal jellies
 o - 4 bread rations
 r - 12 fruits
 I - 3 inedible chunks of flesh


   Skills:
 + Level 4.6 Fighting
 + Level 5.7 Dodging
 + Level 3.1 Stealth
 + Level 11.3 Unarmed Combat


You had 9 spell levels left.
You didn't know any spells.

Dungeon Overview and Level Annotations

Branches:
Dungeon (8/15)             Temple (0/1) D:7
   Lair: D:8-11

Altars:
Dithmenos
Kikubaaqudgha
Makhleb
Uskayaw
Zin

Shops:
D:2 *

Portals:
Ossuary: D:8


Innate Abilities, Weirdness & Mutations

You are too large for most types of armour.
You have claws for hands.
Your metabolism is lightning-fast.
You like to eat raw meat.
Your natural rate of healing is unusually fast.
You are covered in fur. (AC +1)
You have very tough skin. (AC +2)


Message History

The three-headed hydra bites you!
The three-headed hydra bites you but does no damage.
The three-headed hydra bites you! The big kobold hits you.
There is an open door here.
You are too injured to fight recklessly!
You are too injured to fight recklessly!
You completely miss the three-headed hydra.
The three-headed hydra bites you.
* * * LOW HITPOINT WARNING * * *
The three-headed hydra closely misses you.
The three-headed hydra bites you!
* * * LOW HITPOINT WARNING * * *
A red film seems to cover your vision as you go berserk!
You feel yourself moving faster!
You feel mighty!
You feel a lot more hungry. The big kobold misses you.
The three-headed hydra bites you but does no damage.
The three-headed hydra bites you!
* * * LOW HITPOINT WARNING * * *
The three-headed hydra bites you!
You die...

........# #######....##
######..# #.##.(# #..#
##########.# #..#####
#..#.....#)# #..(...#
#..'....≈#.# ##.###.#
#..'..P..#)#
#######.###.#
#..'...†≈..#
............#
#(.#.....###
####...#######
#@##P≈P.≈# #..#.......#
#DK#≈≈)≈P#
#....#####...#.)+.P≈PP#
#.#.## ########## #.#.#
#>.# #.#.# ######..#
#.#.# #.......# #.#.###
#.###...# #...).# #.#
#..(#


You could see a three-headed hydra and a big kobold.

Vanquished Creatures
  Pikel (D:7)
  Prince Ribbit (D:6)
  A hippogriff (D:7)
  2 dream sheep (D:8)
  Sigmund (D:4)
  Eustachio (D:6)
  2 yaks (D:8)
  Menkaure (D:6)
  The ghost of asalami the Sneak, an amateur SpEn (D:4)
  3 sky beasts
  A slave (D:7)
  A phantom (D:5)
  A necrophage (D:7)
  An ogre (D:5)
  A centaur (D:8)
  2 big kobolds (D:8)
  A bullfrog (D:8)
  A scorpion (D:5)
  5 killer bees (D:7)
  5 wights (D:7)
  A crimson imp (D:6)
  2 hounds
  6 human zombies (D:7)
  A quasit (D:7)
  A bullfrog zombie (D:7)
  Crazy Yiuf (D:3)
  A bullfrog skeleton (D:7)
  2 human skeletons (D:7)
  2 iguanas (D:5)
  Ijyb (D:2)
  A worker ant (D:5)
  A worker ant zombie (D:8)
  7 adders
  10 gnolls
  A shadow imp (D:7)
  2 worms (D:2)
  A dart slug (D:4)
  3 leopard geckos
  3 orcs
  5 ball pythons
  3 bats
  3 giant cockroaches
  7 hobgoblins
  6 jackals (D:2)
  2 quokkas
  7 frilled lizards
  4 goblins
  A jackal skeleton (D:4)
  7 kobolds
  A leopard gecko skeleton (D:5)
  A leopard gecko zombie (D:7)
  An orc zombie (D:7)
  A quokka zombie (D:5)
  7 rats
136 creatures vanquished.

Vanquished Creatures (others)
  3 slaves (D:7)
  A killer bee (D:7)
4 creatures vanquished.

Grand Total: 140 creatures vanquished

Notes
Turn   | Place    | Note
-------+----------+-------------------------------------------
     0 | D:1      | Hestler the Troll Berserker began the quest for the Orb.
     0 | D:1      | Reached XP level 1. HP: 22/22 MP: 0/0
   166 | D:1      | Reached XP level 2. HP: 27/29 MP: 1/1
   785 | D:2      | Found Zin's Purification Station.
   785 | D:2      | Found a glowing silver altar of Zin.
   805 | D:2      | Reached XP level 3. HP: 36/36 MP: 2/2
   908 | D:2      | Reached ** piety under Trog
  1234 | D:2      | Reached XP level 4. HP: 44/44 MP: 3/3
  1323 | D:2      | Noticed Ijyb
  1328 | D:2      | Killed Ijyb
  1328 | D:2      | Reached skill level 4 in Unarmed Combat
  1563 | D:2      | Found a burning altar of Makhleb.
  2077 | D:3      | Reached XP level 5. HP: 16/52 MP: 4/4
  2078 | D:3      | HP: 3/78 [gnoll/halberd (13)]
  2163 | D:3      | Found a runed door.
  2167 | D:3      | Noticed Crazy Yiuf
  2172 | D:3      | Killed Crazy Yiuf
  2172 | D:3      | Reached skill level 5 in Unarmed Combat
  2854 | D:4      | Noticed asalami's ghost (amateur SpEn)
  2872 | D:4      | Killed asalami's ghost
  2872 | D:4      | Reached XP level 6. HP: 53/59 MP: 5/5
  2966 | D:4      | Noticed Sigmund
  2983 | D:4      | Killed Sigmund
  2983 | D:4      | Reached skill level 6 in Unarmed Combat
  3036 | D:5      | Entered Level 5 of the Dungeon
  3038 | D:5      | Noticed a sky beast
  3050 | D:5      | Killed a sky beast
  3050 | D:5      | Reached XP level 7. HP: 51/67 MP: 6/6
  3137 | D:5      | Reached skill level 1 in Stealth
  3232 | D:5      | Reached skill level 7 in Unarmed Combat
  3378 | D:5      | Found a shadowy altar of Dithmenos.
  3378 | D:5      | Found a hide-covered altar of Uskayaw.
  3909 | D:6      | Noticed Eustachio
  3910 | D:6      | Noticed Prince Ribbit
  3920 | D:6      | Killed Eustachio
  3920 | D:6      | Reached XP level 8. HP: 75/75 MP: 7/7
  3925 | D:6      | Killed Prince Ribbit
  3925 | D:6      | Reached *** piety under Trog
  3925 | D:6      | Reached skill level 8 in Unarmed Combat
  4057 | D:6      | Noticed Menkaure
  4062 | D:6      | Killed Menkaure
  4103 | D:7      | Noticed a hippogriff
  4114 | D:7      | Killed a hippogriff
  4114 | D:7      | Reached skill level 5 in Dodging
  4114 | D:7      | Reached skill level 9 in Unarmed Combat
  4133 | D:7      | Noticed Pikel
  4146 | D:7      | Killed Pikel
  4146 | D:7      | Reached XP level 9. HP: 33/84 MP: 8/8
  4179 | D:7      | Found a staircase to the Ecumenical Temple.
  4343 | D:7      | Reached skill level 10 in Unarmed Combat
  4720 | D:7      | Found an ancient bone altar of Kikubaaqudgha.
  4995 | D:8      | Reached **** piety under Trog
  5005 | D:8      | Found a sand-covered staircase.
  5156 | D:8      | Reached skill level 11 in Unarmed Combat
  5175 | D:8      | Reached XP level 10. HP: 15/93 MP: 9/9
  5237 | D:8      | Noticed a three-headed hydra
  5240 | D:8      | Slain by a three-headed hydra

Vault maps used:
D:1:      dpeg_arrival_shrine
D:2:      lemuel_coloured_pillars_altar, zin_purify, uniq_iyjb
D:3:      first_bread, uniq_crazy_yiuf_cottage
D:4:      uniq_sigmund
D:5:      amethyst_overflow_temple_binary, st_stairs_10, patterned_corridor
D:6:      uniq_prince_ribbit1, uniq_menkaure, uniq_duvessa, uniq_eustachio
D:7:      lemuel_mausoleum_altar_kikubaaqudgha,
          minmay_temple_entry_statues_fountains, uniq_pikel
D:8:      enter_ossuary_3, serial_shops, kennysheep_little_box, hangedman_ranch

Skill      XL: |  1  2  3  4  5  6  7  8  9 |
---------------+----------------------------+-----
Dodging        | 3 4 5 |  5.7
Unarmed Combat | 4 5 6 7 9 11 | 11.3
Fighting       | 3 4 |  4.6
Stealth        | 1 2 3 |  3.1

Action                   |  1- 3 |  4- 6 |  7- 9 | 10-12 || total
-------------------------+-------+-------+-------+-------++-------
Melee: Unarmed           |   103 |    87 |   226 |     5 ||   421
       Punch             |     1 |     3 |     8 |       ||    12
Invok: Berserk           |       |     1 |     3 |     1 ||     5
  Use: Scroll            |       |       |     6 |       ||     6
 Stab: Sleeping          |       |       |     8 |       ||     8
       Distracted        |       |       |     1 |       ||     1
  Eat: Bread ration      |     2 |       |     1 |       ||     3
       Fruit             |       |    10 |       |       ||    10
       Meat ration       |       |     2 |     1 |       ||     3
       Royal jelly       |       |       |     2 |       ||     2
       Chunk             |       |       |     7 |     2 ||     9
Armor: Animal skin       |    41 |    25 |    51 |     2 ||   119
Dodge: Dodged            |    59 |    34 |    99 |     4 ||   196
